 Dungeon Crawl Stone Soup version 0.16.0-12-g7215832 (webtiles) character file.

157 valak23 the Conjurer (level 5, -1/28 HPs)
             Began as a Tengu Conjurer on Mar 19, 2015.
             Slain by Grinder (5 damage)
             ... while paralysed by Grinder
             ... on level 3 of the Dungeon.
             The game lasted 00:16:16 (2392 turns).

valak23 the Conjurer (Tengu Conjurer)               Turns: 2392, Time: 00:16:16

Health: -1/28      AC:  2    Str: 11    XL:     5   Next: 38%
Magic:  1/11       EV:  2    Int: 21    God:
Gold:   115        SH:  0    Dex: 14    Spells: 2 memorised, 6 levels left

rFire  . . .     SeeInvis .     e - +1 short sword
rCold  . . .     Clarity  .     a - +0 robe
rNeg   . . .     SustAb   .     n - +0 buckler
rPois  .         Gourm    .     (helmet restricted)
rElec  .         Spirit   .     (no cloak)
rCorr  .         Warding  .     (no gloves)
rMut   .         Stasis   .     (boots unavailable)
MR     .....                    h - amulet of rage
Stlth  ++........               f - +2 ring of strength
                                g - ring of wizardry

@: paralysed, brilliant, not resistant to hostile enchantments, unstealthy
A: able to fly, beak, talons 3
a: Fly, Evoke Berserk Rage


You were on level 3 of the Dungeon.
You were not hungry.

You visited 1 branch of the dungeon, and saw 3 of its levels.

You collected 115 gold pieces.

Inventory:

Hand weapons
 e - a +1 short sword (weapon)
Missiles
 d - 21 arrows
 j - 12 poisoned needles
Armour
 a - a +0 robe (worn)
 n - a +0 buckler (worn)
Jewellery
 f - a +2 ring of strength (right hand)
 g - a ring of wizardry (left hand)
 h - an amulet of rage (around neck)
Scrolls
 m - 2 scrolls of identify
Books
 c - a book of Conjurations

   Spells                             Type                      Level
   a - Magic Dart                     Conjuration                  1
   b - Searing Ray                    Conjuration                  2
   c - Dazzling Spray                 Conjuration/Hexes            3
   d - Fulminant Prism                Conjuration/Hexes            4
   e - Iskenderun's Mystic Blast      Conjuration                  4
   f - Iskenderun's Battlesphere      Conjuration/Charms           5
Comestibles
 b - 2 meat rations


   Skills:
 * Level 1.3 Short Blades
 * Level 2.6 Dodging
 - Level 2.0 Stealth
 * Level 2.6 Spellcasting
 * Level 7.6 Conjurations


You had 6 spell levels left.
You knew the following spells:

 Your Spells              Type           Power        Failure   Level  Hunger
a - Magic Dart            Conj           ####         1%          1    None
b - Searing Ray           Conj           #####.       1%          2    ##.....


Dungeon Overview and Level Annotations

Branches:
Dungeon (3/15)

Altars:

Annotations:
D:3 Grinder


Innate Abilities, Weirdness & Mutations

You can fly.
You have a beak for a mouth.
You have claws for feet.


Message History

Press: ? - help, Shift-Dir - straight line, f/p - Grinder
Aim: Grinder (lightly wounded)
The magic dart hits Grinder.
Grinder is lightly wounded.
Grinder closely misses you.
You closely miss Grinder. Your kick misses Grinder.
Grinder is lightly wounded.
Grinder gestures at you.
You suddenly lose the ability to move!
Grinder barely misses you. Grinder gestures at you.
You barely resist.
Grinder gestures.
Grinder blinks!
Grinder gestures at you.
You shrug off the repeated paralysis!
Grinder hits you.
* * * LOW HITPOINT WARNING * * *
You writhe in agony.
You die...

#.#
#.#######
##.#...)...
#.......#
#..#.##.#
#..#.# #
#..#.# ...
#..#.#..$...
#.5@).......
#....#......
#....# ...
........ .
###.......
##.######
###


You could see Grinder.

Vanquished Creatures
  An orc priest (D:3)
  4 adders
  3 gnolls (D:2)
  A worm (D:2)
  A giant gecko (D:3)
  An ooze (D:2)
  3 orcs (D:3)
  9 hobgoblins
  2 quokkas (D:2)
  3 bats
  2 giant cockroaches
  5 giant newts
  6 goblins
  6 kobolds
  8 rats
55 creatures vanquished.

Notes
Turn   | Place    | Note
--------------------------------------------------------------
     0 | D:1      | valak23, the Tengu Conjurer, began the quest for the Orb.
     0 | D:1      | Reached XP level 1. HP: 10/10 MP: 3/3
   186 | D:1      | Reached XP level 2. HP: 12/15 MP: 0/5
   471 | D:1      | Reached skill level 6 in Conjurations
   581 | D:1      | You fall through a shaft!
   653 | D:2      | Reached XP level 3. HP: 7/19 MP: 1/7
  1214 | D:2      | Reached skill level 7 in Conjurations
  1214 | D:2      | Reached XP level 4. HP: 24/24 MP: 2/8
  1986 | D:2      | Learned a level 2 spell: Searing Ray
  2241 | D:3      | Reached skill level 1 in Short Blades
  2241 | D:3      | Reached XP level 5. HP: 9/28 MP: 2/11
  2371 | D:3      | Noticed Grinder
  2386 | D:3      | Paralysed by Grinder for 7 turns
  2392 | D:3      | Slain by Grinder

Action                   |  1- 3 |  4- 6 || total
-------------------------+-------+-------++-------
Melee: Unarmed           |    11 |       ||    11
       Short sword       |    16 |    10 ||    26
 Cast: Magic Dart        |    52 |    48 ||   100
       Searing Ray       |       |     3 ||     3
  Use: Scroll            |     6 |     1 ||     7
       Potion            |     1 |     4 ||     5
 Stab: Sleeping          |     1 |       ||     1
  Eat: Bread ration      |     1 |       ||     1
       Meat ration       |       |     1 ||     1
